Map: Blueshift LE

Players

RexRequired - Winner!

  • Race: Terran Terran
  • League: Master
  • Spawn Location: 1:00

Kuga

  • Race: Terran Terran
  • League: Master
  • Spawn Location: 7:00

VOD

Have the link to the VOD?

Description

Time

  • Played on: Dec. 30, 2018, 10:21 a.m.
  • Length: 9:07
Show
View Real Time Build Order
Export as new Build Order

RexRequired Terran - Winner!

Build Orders: Banshee Rush 

Get SALT Encoding   

  12  0:00  SCV  
  13  0:12  SCV  
  14  0:17  Supply Depot  
  14  0:25  SCV  
  14  0:27  Refinery  
  15  0:38  SCV  
  16  0:45  Barracks  
  16  0:50  SCV  
  16  0:54  Refinery  
  17  1:02  SCV  
  18  1:15  SCV  
  19  1:31  Orbital Command  
  19  1:32  Reaper  
  20  1:35  Factory  
  20  1:42  Supply Depot  
  20  1:58  SCV  
  21  2:04  Reaper  
  22  2:10  SCV  
  23  2:19  Hellion  
  23  2:22  SCV  
  26  2:29  Supply Depot  
  26  2:34  SCV  
  26  2:35  Supply Depot  
  27  2:45  Factory Tech Lab  
  27  2:47  Barracks Reactor  
  27  2:48  Widow Mine  
  29  2:51  Command Center  
  29  2:54  SCV  
  30  3:04  Starport  
  30  3:06  SCV  
  30  3:10  Factory Tech Lab  
  31  3:18  SCV  
  31  3:31  Cyclone, SCV, Marine x2  
  35  3:41  Starport Tech Lab  
  35  3:43  SCV  
  36  3:50  Marine x2  
  36  3:55  SCV  
  39  3:59  Cloaking Field  
  39  4:02  Banshee  
  39  4:03  Orbital Command  
  39  4:07  SCV  
  39  4:08  Siege Tank  
  46  4:14  Supply Depot  
  46  4:18  Marine  
  46  4:19  SCV  
  48  4:26  Supply Depot  
  48  4:28  SCV  
  49  4:31  SCV, Marine  
  49  4:36  Marine  
  52  4:40  Siege Tank  
  52  4:41  SCV  
  52  4:45  SCV  
  57  4:49  Marine  
  57  4:50  Banshee  
  61  4:53  Marine  
  61  4:55  SCV  
  61  4:57  SCV  
  64  5:01  Supply Depot  
  64  5:04  Supply Depot  
  64  5:07  SCV, Marine  
  64  5:09  SCV  
  64  5:11  Marine  
  68  5:19  SCV  
  68  5:21  SCV  
  70  5:23  Siege Tank  
  70  5:24  Supply Depot  
  73  5:31  SCV  
  73  5:33  SCV  
  75  5:43  Command Center, Barracks, SCV  
  75  5:45  Starport Reactor, SCV  
  75  5:46  Stimpack  
  75  5:47  Barracks  
  75  5:49  Refinery  
  77  5:50  Refinery  
  77  5:52  Marine  
  77  5:56  SCV  
  79  5:57  SCV  
  80  6:08  SCV  
  80  6:09  SCV  
  82  6:11  Engineering Bay  
  82  6:13  Engineering Bay  
  82  6:14  Supply Depot, Marine  
  82  6:15  Siege Tank  
  83  6:20  SCV  
  83  6:21  SCV  
  85  6:30  Starport Reactor, Supply Depot  
  85  6:32  SCV  
  86  6:33  SCV  
  86  6:35  Marine  
  86  6:36  Marine  
  86  6:38  Marine  
  90  6:44  SCV  
  90  6:46  SCV  
  92  6:53  Siege Tank  
  84  6:54  Marine x2  
  84  6:55  Marine x2  
  84  6:56  SCV  
  84  6:58  SCV  
  90  7:03  Marine  
  91  7:08  SCV  
  91  7:10  SCV  
  91  7:11  Medivac x2  
  91  7:12  Marine  
  91  7:13  Marine x3  
  101  7:18  Sensor Tower  
  101  7:20  SCV  
  101  7:21  Marine  
  101  7:22  SCV  
  98  7:25  Siege Tank  
  98  7:28  Orbital Command  
  95  7:30  Marine  
  95  7:31  Marine x3  
  95  7:32  SCV  
  95  7:34  SCV  
  95  7:35  Refinery  
  95  7:36  Supply Depot  
  101  7:40  Refinery  
  101  7:42  Marine  
  102  7:46  SCV x2  
  102  7:48  Marine  
  102  7:49  Marine  
  106  7:51  Marine x2  
  106  7:58  Siege Tank, Barracks  
  111  7:59  Barracks, Marine  
  112  8:05  Marine  
  112  8:08  Missile Turret x2  
  112  8:09  Marine  
  112  8:10  SCV  
  112  8:11  SCV  
  116  8:15  Medivac, Supply Depot  
  116  8:17  Medivac  
  116  8:18  Marine x2  
  121  8:24  Supply Depot  
  119  8:27  Marine  
  119  8:28  Marine  
  119  8:29  Marine  
  119  8:30  SCV  
  119  8:37  Marine x2  
  121  8:44  Marine  
  121  8:46  Marine  
  121  8:47  Marine  
Show
View Real Time Build Order
Export as new Build Order

Kuga Terran 

Build Orders: Reaper Expand 

Get SALT Encoding   

  12  0:00  SCV  
  13  0:13  SCV  
  14  0:17  Supply Depot  
  14  0:25  SCV  
  15  0:38  SCV  
  15  0:39  Barracks  
  16  0:43  Refinery  
  16  0:50  SCV  
  17  1:03  SCV  
  18  1:15  SCV  
  19  1:26  Reaper  
  19  1:27  Orbital Command  
  20  1:46  Command Center  
  20  1:53  Refinery  
  20  1:54  SCV  
  21  1:58  Barracks Reactor  
  21  2:06  SCV  
  22  2:10  Supply Depot  
  22  2:18  SCV  
  23  2:32  SCV  
  23  2:34  Factory  
  23  2:35  Marine x2  
  26  2:44  SCV  
  27  2:52  Marine  
  27  2:53  Marine  
  27  2:56  SCV  
  29  2:58  Orbital Command  
  29  3:08  SCV  
  29  3:10  Marine x2  
  31  3:20  SCV  
  31  3:26  Hellion, Starport, SCV  
  32  3:28  Marine x2  
  33  3:37  SCV  
  33  3:41  SCV  
  33  3:44  Engineering Bay  
  33  3:46  Marine x2  
  36  3:49  SCV, Factory Tech Lab  
  36  3:56  SCV  
  36  3:58  Supply Depot  
  36  4:02  SCV  
  38  4:08  SCV  
  39  4:14  Viking, Missile Turret  
  41  4:20  Supply Depot  
  41  4:23  SCV  
  43  4:24  SCV  
  43  4:26  Marine x2  
  43  4:27  Siege Tank  
  48  4:35  SCV  
  48  4:36  SCV  
  48  4:37  Missile Turret  
  49  4:47  SCV  
  49  4:48  SCV  
  50  4:56  Viking  
  50  4:59  SCV  
  53  5:00  SCV  
  53  5:06  Command Center  
  52  5:08  Terran Infantry Weapons Level 1  
  52  5:11  Marine x2  
  52  5:12  Siege Tank, SCV x2  
  59  5:24  SCV x2  
  59  5:25  Refinery, Supply Depot  
  59  5:26  Barracks  
  61  5:32  Barracks  
  60  5:36  SCV x2  
  60  5:37  Starport Reactor  
  62  5:46  Refinery  
  62  5:48  SCV  
  62  5:49  SCV  
  64  5:51  Supply Depot  
  64  5:52  Marine x2  
  64  5:53  Siege Tank  
  69  6:00  SCV  
  70  6:06  SCV  
  70  6:12  SCV, Marine x2  
  70  6:18  SCV  
  74  6:24  SCV, Barracks Reactor, Barracks Tech Lab  
  75  6:26  Missile Turret  
  75  6:27  Barracks  
  75  6:30  SCV  
  75  6:31  Barracks  
  71  6:33  Marine  
  71  6:37  Marine  
  71  6:38  Siege Tank  
  75  6:40  Medivac  
  75  6:42  Factory  
  77  6:47  Medivac, SCV  
  77  6:48  Marine  
  77  6:51  Marine  
  72  6:55  Marine  
  72  6:56  SCV  
  72  6:59  SCV  
  72  7:02  Marine  
  72  7:04  Marine  
  72  7:06  Marine  
  72  7:08  SCV  
  75  7:12  SCV  
  75  7:13  Command Center  
  74  7:25  SCV x2  
  72  7:32  Marine  
  72  7:33  Supply Depot, Marine x3  
  72  7:35  Barracks Tech Lab  
  72  7:36  Barracks Reactor  
  72  7:37  SCV x2  
  78  7:54  Siege Tank, Supply Depot, SCV, Marine x3  
  78  7:56  Supply Depot x2, Marine x3  
  78  7:58  Supply Depot  
  88  8:02  SCV  
  89  8:07  Factory Tech Lab  
  89  8:09  SCV  
  89  8:12  Marine x2  
  92  8:16  SCV  
  93  8:21  Supply Depot  
  93  8:22  Marine  
  93  8:24  Supply Depot  
  92  8:34  SCV  
  92  8:35  SCV  
  92  8:40  Marine x2  
  88  8:41  Marine x4  
Tags
 
Matchup
TvT
Race
Terran
Spawn Locations
Cross Positions
Strategy
Banshee Rush
Add a new tag
Caveats
  • Supply blocks, unpowered buildings, or Contaminate may cause inaccurate times.
  • Supply counts are checked every 10 seconds.